 Dungeon Crawl Stone Soup version 0.24.0-35-gdb84b6a5db (webtiles) character file.

Game seed: 3120993245947092759, levelgen mode: deterministic

798 Nattfarinn the Changer (level 7, -3/68 HPs)
             Began as a Naga Transmuter on Nov 20, 2019.
             Was a Believer of Cheibriados.
             Slain by a wyvern (6 damage)
             ... on level 5 of the Dungeon.
             The game lasted 00:10:50 (5483 turns).

Nattfarinn the Changer (Naga Transmuter)            Turns: 5483, Time: 00:10:50

Health: -3/68      AC:  6    Str: 17    XL:     7   Next: 90%
Magic:  12/19      EV: 10    Int: 25    God:    Cheibriados [**....]
Gold:   115        SH:  0    Dex: 17    Spells: 2/10 levels left

rFire    x . .     SeeInvis +     - Unarmed
rCold    + + +     Gourm    .   (shield currently unavailable)
rNeg     . . .     Faith    .   (armour currently unavailable)
rPois    +         Spirit   .   (helmet currently unavailable)
rElec    .         Reflect  .   (cloak currently unavailable)
rCorr    .         Harm     .   (gloves currently unavailable)
MR       .....                  (no barding)
Stlth    ++........             (no amulet)
HPRegen  0.21/turn              v - ring of magical power
MPRegen  0.16/turn              (no ring)

@: brilliant, ice-form, very slightly contaminated, very slow
A: large, see invisible, slow metabolism 1, spit poison 1, AC +2
a: Spit Poison, End Transformation, Bend Time, Renounce Religion


You were on level 5 of the Dungeon.
You worshipped Cheibriados.
Cheibriados was pleased with you.
You were near starving.
You were a creature of crystalline ice.
You visited 1 branch of the dungeon, and saw 5 of its levels.
You also visited: Sewer.

You collected 115 gold pieces.

Inventory:

Hand Weapons
 g - a +0 whip of venom (melded)
Missiles
 a - 37 arrows
Armour
 b - a +0 robe (melded)
 l - a +0 buckler (melded)
 u - a +0 naga barding (melded)
Jewellery
 v - a ring of magical power (left front paw)
Scrolls
 c - a scroll of random uselessness
 e - 2 scrolls of amnesia {unknown}
 h - 2 scrolls of magic mapping
 k - 4 scrolls of remove curse
 m - a scroll of enchant weapon {unknown}
 q - a scroll of fear {unknown}
 s - 2 scrolls of teleportation
 t - 4 scrolls of identify
 w - a scroll of blinking {unknown}
Potions
 f - 7 potions of curing
 i - a potion of invisibility {unknown}
 j - a potion of heal wounds {unknown}
 n - a potion of ambrosia {unknown}
 p - a potion of degeneration {unknown}
 r - a potion of brilliance
Comestibles
 d - 6 rations


   Skills:
 - Level 1.0 Fighting
 - Level 1.5 Dodging
 - Level 2.4 Shields
 + Level 5.1 Unarmed Combat
 - Level 2.0 Spellcasting
 * Level 6.4 Transmutations
 + Level 2.1 Ice Magic


You had 2 spell levels left.
You knew the following spells:

 Your Spells              Type           Power        Failure   Level  Hunger
a - Beastly Appendage     Tmut           #####.       1%          1    None
b - Spider Form           Tmut/Pois      ####......   1%          3    ###....
c - Ice Form              Ice/Tmut       #####...     2%          4    ####...

Your spell library contained the following spells:

 Spells                   Type           Power        Failure   Level  Hunger
 Sticks to Snakes         Tmut           #####...     1%          2    ##.....
 Blade Hands              Tmut           #####.....   2%          5    ######.


Dungeon Overview and Level Annotations

Branches:
Dungeon (5/15)              Sewer (visited)
 Temple: D:4-7

Altars:
Ashenzari
Cheibriados
Gozag
Hepliaklqana
Qazlal
Wu Jian


Innate Abilities, Weirdness & Mutations

You cannot wear boots.
((Your serpentine skin is tough. (AC +2)))
You have supernaturally acute eyesight. (SInv)
((Armour fits poorly on your strangely shaped body.))
((Your system is resistant to poisons. (rPois)))
((You cover ground very slowly.))
You have a slow metabolism.
You can spit poison.


Message History

You hit the wyvern. You freeze the wyvern.
The wyvern is lightly wounded.
The wyvern bites you but does no damage.
You hit the wyvern. You freeze the wyvern.
The wyvern is moderately wounded.
The wyvern closely misses you. The wyvern bites you!
You are too injured to fight recklessly!
You are too injured to fight recklessly!
You hit the wyvern but do no damage.
The wyvern is moderately wounded.
The wyvern bites you!
* * * LOW HITPOINT WARNING * * *
You feel better. The wyvern bites you!
* * * LOW HITPOINT WARNING * * *
The wyvern bites you!
* * * LOW HITPOINT WARNING * * *
It was a potion of brilliance.
You feel clever all of a sudden. The wyvern bites you.
You die...

.# ##.## #...
###..#####
....#<..#
#.#.#####.##.#.#
#............# #
##.###.#.##.#
#....Y#.##.#
#####l#....#
#[###### #.# #.#
#.. ###


You could see a wyvern.

Vanquished Creatures
  A phantom (D:4)
  3 big kobolds (Sewer)
  A scorpion (D:4)
  A centaur skeleton (D:4)
  2 hounds (D:4)
  Terence (D:2)
  An orc wizard (D:3)
  3 worker ants (D:4)
  11 adders
  2 river rats
  6 oozes
  6 worms
  13 orcs
  3 ball pythons
  7 giant cockroaches
  A goblin (D:2)
  7 hobgoblins
  13 kobolds
  3 quokkas
  7 bats
  A jackal skeleton (D:4)
  9 rats
102 creatures vanquished.

Notes
Turn   | Place    | Note
-------+----------+-------------------------------------------
     0 | D:1      | Nattfarinn the Naga Transmuter began the quest for the Orb.
     0 | D:1      | Reached XP level 1. HP: 18/18 MP: 3/3
   455 | D:1      | Reached XP level 2. HP: 22/25 MP: 3/5
   927 | D:1      | Reached skill level 3 in Transmutations
  1136 | D:1      | Reached XP level 3. HP: 23/31 MP: 6/6
  1593 | D:2      | Learned a level 3 spell: Spider Form
  1942 | D:2      | Noticed Terence
  1958 | D:2      | Killed Terence
  1958 | D:2      | Reached XP level 4. HP: 27/38 MP: 4/7
  2363 | D:3      | Reached skill level 1 in Shields
  2370 | D:3      | Reached skill level 4 in Transmutations
  2370 | D:3      | Reached XP level 5. HP: 33/44 MP: 5/8
  2589 | D:3      | Found a snail-covered altar of Cheibriados.
  2597 | D:3      | Became a worshipper of Cheibriados the Contemplative
  2708 | D:3      | Found a glowing drain.
  2712 | Sewer    | Entered a sewer
  2766 | Sewer    | Noticed a big kobold
  2783 | Sewer    | Killed a big kobold
  2896 | Sewer    | Reached XP level 6. HP: 49/51 MP: 9/9
  3153 | Sewer    | Reached * piety under Cheibriados
  3418 | Sewer    | Reached skill level 5 in Transmutations
  3781 | D:3      | Learned a level 4 spell: Ice Form
  3820 | D:3      | Reached XP level 7. HP: 55/57 MP: 10/10
  3846 | D:3      | Found a stormy altar of Qazlal.
  4022 | D:3      | Reached ** piety under Cheibriados
  4102 | D:3      | Found a hazy altar of Hepliaklqana.
  4115 | D:3      | Found a shattered altar of Ashenzari.
  4251 | D:4      | Reached skill level 1 in Ice Magic
  4404 | D:4      | Found an opulent altar of Gozag.
  4521 | D:4      | Reached skill level 6 in Transmutations
  4918 | D:4      | Reached skill level 5 in Unarmed Combat
  4957 | D:4      | Found an ornate altar of the Wu Jian Council.
  5466 | D:5      | Entered Level 5 of the Dungeon
  5472 | D:5      | Noticed a wyvern
  5482 | D:5      | HP: 3/68 [wyvern (15)]
  5483 | D:5      | Slain by a wyvern

Levels and vault maps discovered:
D:1:      psy_arrival_whirlpool, layout_basic, item_on_display_a
D:2:      layout_rooms, uniq_terence
D:3:      layout_basic, lemuel_doored_altar, amethyst_overflow_temple_binary,
          gup_sewer_entry_bowl, lemuel_statue_altar
D:4:      layout_loops_ring, lemuel_round_altar, grunt_gozag_breadcrumbs
D:5:      layout_basic, first_ration, serial_undead, serial_undead_d,
          serial_undead_b, serial_undead_b, serial_undead_d

Skill      XL: |  1  2  3  4  5  6  7 |
---------------+----------------------+-----
Transmutations | 3 4 5 6 |  6.4
Shields        | 1 2 |  2.4
Unarmed Combat | 4 5 |  5.1
Ice Magic      | 2 |  2.1
Fighting       | |  1.0
Dodging        | |  1.5
Spellcasting   | |  2.0

Action                   |  1- 3 |  4- 6 |  7- 9 || total
-------------------------+-------+-------+-------++-------
Melee: Unarmed           |    33 |    39 |    33 ||   105
       Headbutt          |     3 |       |       ||     3
       Punch             |     3 |       |       ||     3
       Whip              |    65 |   149 |    51 ||   265
 Cast: Beastly Appendage |     3 |       |       ||     3
       Spider Form       |     1 |     4 |     2 ||     7
       Ice Form          |       |       |     7 ||     7
  Use: Scroll            |       |     2 |     3 ||     5
       Potion            |       |       |     2 ||     2
 Stab: Sleeping          |     1 |       |     2 ||     3
  Eat: Chunk             |     2 |     6 |     4 ||    12
Armor: Robe              |    19 |    19 |    23 ||    61
       Skin              |       |     1 |     2 ||     3
Dodge: Dodged            |    67 |    80 |    32 ||   179
Block: Buckler           |       |    20 |    11 ||    31
